 Dungeon Crawl Stone Soup version 0.22.0 (webtiles) character file.

58289 MercyWheel the Archer (level 14, -5/101 HPs)
             Began as a Gnoll Wanderer on Sept 13, 2018.
             Was an Elder of Ashenzari.
             Slain by a saltling (14 damage)
             ... summoned by a halazid warlock
             ... in the Desolation of Salt.
             The game lasted 01:38:36 (19628 turns).

MercyWheel the Archer (Gnoll Wanderer)             Turns: 19628, Time: 01:38:36

Health: -5/101     AC: 19    Str: 21    XL:     14   Next: 89%
Magic:  0/36       EV: 17    Int: 20    God:    Ashenzari [****..]
Gold:   459        SH: 18    Dex: 14    Spells: 7/31 levels left

rFire    + . .     SeeInvis +   E - +7 mace "Ifisman" {freeze, *Rage rPois MP+9} (curse)
rCold    + . .     Gourm    .   Y - +6 shield "Zourew" {+Inv rC+ Str+4 Slay+2}
rNeg     + . .     Faith    .   q - +0 swamp dragon scales (curse)
rPois    +         Spirit   +   v - +2 hat of the Bear Spirit {Spirit, +Rage rN+ MR++} (curse)
rElec    .         Reflect  .   Z - +0 cloak {MR+}
rCorr    .         Harm     .   y - +0 pair of gloves
MR       ++++.     Clarity  +   R - +0 pair of boots (curse)
Stlth    ++++......             H - amulet of guardian spirit (curse)
HPRegen  0.26/turn              D - ring of wizardry (curse)
MPRegen  0.25/turn              T - ring of protection from fire

@: no status effects
A: distributed training, fangs 1, slimy green scales 1, blurry vision 1, clever
1, frail 1, subdued magic 1, strong nose
a: Curse Item, Scrying, Renounce Religion, Evoke Berserk Rage, Evoke
Invisibility


You were in the Desolation of Salt.
You worshipped Ashenzari.
Ashenzari was greatly pleased with you.
You were hungry.

You visited 4 branches of the dungeon, and saw 18 of its levels.
You visited 1 bazaar.
You also visited: Labyrinth, Ossuary and Desolation.

You collected 1669 gold pieces.
You spent 1210 gold pieces at shops.

Inventory:

Hand Weapons
 E - the cursed +7 mace "Ifisman" (weapon) {freeze, *Rage rPois MP+9}
   (You found it on level 6 of the Dungeon)

   It has been specially enchanted to freeze those struck by it, causing extra
   injury to most foes and up to half again as much damage against particularly
   susceptible opponents.
   It can also slow down cold-blooded creatures.
   It protects you from poison.
   It affects your magic capacity (+9).
   It may make you go berserk in combat.
   It has a curse placed upon it.
Missiles
 K - 7 javelins of penetration (quivered)
Armour
 q - cursed +0 swamp dragon scales (worn)
 v - the cursed +2 hat of the Bear Spirit (worn) {Spirit, +Rage rN+ MR++}
   (You found it on level 10 of the Dungeon)

   It protects you from negative energy.
   It affects your resistance to hostile enchantments.
   It lets you go berserk.
   It has a curse placed upon it.
 y - a +0 pair of gloves (worn)
 R - a cursed +0 pair of boots (worn)
 Y - the +6 shield "Zourew" (worn) {+Inv rC+ Str+4 Slay+2}
   (You bought it in a shop in a bazaar)

   It affects your strength (+4).
   It affects your accuracy and damage with ranged weapons and melee attacks
   (+2).
   It protects you from cold.
   It lets you turn invisible.
 Z - a +0 cloak of magic resistance (worn)
Magical Staves
 U - an uncursed staff of wizardry
Jewellery
 i - a +3 amulet of reflection
 j - a cursed ring of teleportation
 B - an uncursed ring of stealth
 D - a cursed ring of wizardry (left hand)
 H - a cursed amulet of guardian spirit (around neck)
 T - a ring of protection from fire (right hand)
Wands
 I - a wand of scattershot (6)
 N - a wand of polymorph (30)
 O - a wand of iceblast (14)
 P - a wand of digging (14)
 Q - a wand of paralysis (11)
 S - a wand of flame (68)
Scrolls
 e - a scroll of noise {unknown}
 g - 16 scrolls of identify
 m - a scroll of fog
 n - 2 scrolls of remove curse
 o - 4 scrolls of blinking
 r - 2 scrolls of amnesia
 u - 10 scrolls of teleportation
 w - 4 scrolls of enchant armour {unknown}
 G - 4 scrolls of magic mapping
 V - a scroll of summoning {unknown}
 X - a scroll of acquirement {unknown}
Potions
 a - 2 potions of heal wounds
 c - 6 potions of curing
 d - 3 potions of lignification
 h - 3 potions of brilliance
 k - 3 potions of mutation
 l - 5 potions of flight
 p - 5 potions of haste
 t - 6 potions of ambrosia
 x - a potion of agility
 C - a potion of might
 F - 2 potions of cancellation
 J - a potion of resistance
Miscellaneous
 A - a lightning rod (4/4)
 L - a fan of gales
Comestibles
 f - 18 rations


   Skills:
 + Level 11.3 Fighting
 + Level 9.4 Short Blades
 + Level 9.4 Long Blades
 + Level 9.4 Axes
 + Level 9.8(13.1) Maces & Flails
 + Level 9.4 Polearms
 + Level 9.4 Staves
 + Level 9.4 Slings
 + Level 12.3 Bows
 + Level 9.4 Crossbows
 + Level 9.8 Throwing
 + Level 9.4(11.6) Armour
 + Level 9.4(11.6) Dodging
 + Level 9.4 Stealth
 + Level 9.4 Shields
 + Level 9.4 Unarmed Combat
 + Level 9.4 Spellcasting
 + Level 7.9(10.2) Conjurations
 + Level 7.9(10.2) Hexes
 + Level 7.9(10.2) Charms
 + Level 7.9(10.2) Summonings
 + Level 7.9(10.2) Necromancy
 + Level 7.9(10.2) Translocations
 + Level 7.9(10.2) Transmutations
 + Level 7.9(10.2) Fire Magic
 + Level 7.9(10.2) Ice Magic
 + Level 7.9(10.2) Air Magic
 + Level 7.9(10.2) Earth Magic
 + Level 7.9(10.2) Poison Magic
 + Level 10.2 Invocations
 + Level 9.8(11.9) Evocations


You had 7 spell levels left.
You knew the following spells:

 Your Spells              Type           Power        Failure   Level  Hunger
a - Call Imp              Summ           #####...     1%          2    None
b - Shroud of Golubria    Chrm/Tloc      #####.....   1%          2    None
c - Blink                 Tloc           N/A          1%          2    None
d - Conjure Flame         Conj/Fire      #####...     1%          3    None
e - Regeneration          Chrm/Necr      #####.....   1%          3    None
f - Summon Lightning Spi  Summ/Air       #####...     1%          4    ###....
g - Passage of Golubria   Tloc           N/A          1%          4    ###....
h - Summon Ice Beast      Ice/Summ       #####...     1%          4    ###....

Your spell library contained the following spells:

 Spells                   Type           Power        Failure   Level  Hunger
 Magic Dart               Conj           ####         1%          1    None
 Lightning Bolt           Conj/Air       #####.....   2%          5    #####..
 Slow                     Hex            #####...     1%          2    None
 Mephitic Cloud           Conj/Pois/Air  #####...     1%          3    None
 Teleport Other           Tloc           #####...     1%          3    None
 Summon Small Mammal      Summ           ####         1%          1    None
 Bolt of Draining         Conj/Necr      #####.....   2%          5    #####..
 Animate Dead             Necr           N/A          1%          4    ###....
 Pain                     Necr           ####         1%          1    None
 Animate Skeleton         Necr           N/A          1%          1    None
 Vampiric Draining        Necr           #####.....   1%          3    None
 Dispel Undead            Necr           #####...     2%          5    #####..
 Sublimation of Blood     Necr           #####.....   1%          2    None
 Corpse Rot               Necr           N/A          1%          2    None
 Iron Shot                Conj/Erth      #####.....   17%         6    ######.
 Stone Arrow              Conj/Erth      #####.       1%          3    None
 Shock                    Conj/Air       ####         1%          1    None
 Agony                    Necr           #####...     2%          5    #####..
 Spider Form              Tmut/Pois      #####.....   1%          3    None
 Passwall                 Tmut/Erth      #####...     1%          2    None
 Call Canine Familiar     Summ           #####...     1%          3    None
 Silence                  Hex/Air        #####.....   2%          5    #####..
 Lee's Rapid Deconstruct  Erth           #####.....   2%          5    #####..
 Sandblast                Erth           #####.       1%          1    None
 Excruciating Wounds      Chrm/Necr      #####.....   2%          5    #####..
 Petrify                  Tmut/Erth      #####...     1%          4    ###....
 Summon Guardian Golem    Hex/Summ       #####...     1%          3    None
 Gell's Gravitas          Tloc           #####.....   1%          3    None
 Lesser Beckoning         Tloc           #####.....   1%          3    None
 Poisonous Vapours        Pois/Air       #####.       1%          2    None


Dungeon Overview and Level Annotations

Branches:
Dungeon (13/15)            Temple (1/1) D:4            Lair (0/6) D:11
    Orc (2/2) D:10            Elf (2/3) Orc:2        Vaults (0/5) D:13

Altars:
Ashenzari
Cheibriados
Dithmenos
Elyvilon
Fedhas
Gozag
Hepliaklqana
Kikubaaqudgha
Makhleb
Nemelex Xobeh
Okawaru
Qazlal
Ru
Sif Muna
Trog
Uskayaw
Vehumet
Wu Jian
Xom
Yredelemnul
Zin
The Shining One
Beogh

Shops:
D:4 (   D:7 !   D:9 =   D:12 (   Orc:2 *(:   Elf:2 }

Annotations:
D:1 exclusion: downstairs
D:9 3 runed doors, zyena's ghost, journeyman DsFi
D:11 exclusion: upstairs
D:12 3 runed doors, lepoulpe303's ghost, journeyman GrEE


Innate Abilities, Weirdness & Mutations

Your experience applies equally to all skills.
You have very sharp teeth.
Your uncanny sense of smell can sniff out nearby items.
You are partially covered in slimy green scales. (AC +2)
Scrolls take you a little longer to read.
Your mind is acute. (Int +2)
You are frail. (-10% HP)
Your spells are a little easier to cast, but a little less powerful.


Message History

Really read with blurry vision while enemies are nearby? [Y]es or [N]o only, please.
Really read with blurry vision while enemies are nearby? [Y]es or [N]o only, please.
Really read with blurry vision while enemies are nearby?
You block the saltling's attack. The saltling misses you.
The saltling misses your ice beast.
Your ice beast hits the saltling but does no damage.
You block the servant of whispers's attack.
The peacekeeper roars a battlecry!
The peacekeeper goes into a battle-frenzy!
The halazid warlock misses you.
The guardian serpent coils itself and waves its upper body at you.
You resist with almost no effort.
You begin reading the scroll.
You continue reading the scroll.
The peacekeeper bites you!!
* * * LOW HITPOINT WARNING * * *
The peacekeeper claws you but does no damage.
The saltling hits your ice beast! The saltling hits you!
You die...

.....§§..§§.........#######,
§.§.§§.§§...........#######
,
§§...§...........^..#######
§.§§.§§.8.######....#######
,
§.§§§.§..##....##...#######,
,§§§§§..##....}.#...#######
, ,,§§....., *#p..#..#######
, §§§..... #..#8S#..#######
,,, §.§.....# #Y@8..#######
, ,.§§. , , #8L8#^.#######
,, , ,, , , *
..888##..#######, ,,
#...8#*...###### ,,, , ,
,#####,,,..##### , , ,, ,,
####, , , , , ,,, , , ,
####,, , ,, , ,, , , , , , ,
,, ,, ,, ,


You could see a servant of whispers, a halazid warlock, 2 peacekeepers, a
guardian serpent, 6 saltlings and a friendly ice beast.

Vanquished Creatures
  An orc warlord (Orc:1)
  A stone giant (Orc:2)
  A minotaur (Lab)
  A deep elf demonologist (Elf:1)
  A ragged hierophant (Desolation)
  A hydra (D:13)
  A vault guard (D:13)
  A peacekeeper (Elf:2)
  3 two-headed ogres (D:11)
  A centaur warrior (D:13)
  Erica (D:7)
  11 dancing weapons
  The ghost of syena51 the Blocker, a novice DsFi of Okawaru (D:10)
  3 orc high priests (Orc:2)
  2 deep elf knights
  An unseen horror (D:13)
  A deep elf archer (Elf:1)
  2 orc knights (Orc:2)
  Pikel (D:6)
  17 deep elf magi
  2 manticores
  2 orc sorcerers (Orc:2)
  A cyclops (D:13)
  2 ugly things
  2 centaur zombies
  Maurice (Orc:2)
  3 gargoyles (D:9)
  A centaur skeleton (D:11)
  2 trolls (D:9)
  Grinder (D:6)
  5 saltlings
  2 slime creatures (D:12)
  4 hippogriffs
  5 air elementals
  A redback (Lab)
  2 shadows (Lab)
  3 wyverns
  A wraith (D:13)
  Grum (D:8)
  19 yaks
  A fire elemental (Elf:2)
  2 hungry ghosts (Lab)
  A steam dragon (D:9)
  A warg (Orc:2)
  An acid dragon (D:13)
  A water moccasin (D:9)
  A porcupine (D:11)
  6 ice beasts
  7 sky beasts
  3 slaves
  An eye of draining (D:13)
  7 ogres
  25 orc warriors
  A black bear (D:11)
  4 phantoms
  A necrophage (D:9)
  2 wolves
  12 centaurs
  A crocodile (D:11)
  2 big kobolds (D:10)
  An elf zombie (D:4)
  6 bullfrogs
  3 elf skeletons (D:4)
  A wyvern skeleton (D:12)
  2 scorpions (D:9)
  17 killer bees
  5 wights
  10 howler monkeys
  3 crimson imps
  A bullfrog zombie (D:10)
  16 orc priests
  6 hounds
  2 quasits
  6 bullfrog skeletons
  9 jellies
  25 orc wizards
  Jessica (D:2)
  6 iguanas
  Natasha (twice) (D:2)
  4 worker ants
  A hound zombie (D:10)
  A hound skeleton (D:9)
  3 mummies (Ossuary)
  A worker ant zombie (D:10)
  Robin (D:2)
  9 gnolls
  11 adders
  2 shadow imps
  6 adder zombies
  2 adder skeletons
  2 worms
  A dart slug (D:2)
  8 leopard geckos
  68 orcs
  2 ball pythons
  8 bats
  5 giant cockroaches
  A gnoll zombie (Ossuary)
  17 hobgoblins
  19 jackals
  5 quokkas
  10 frilled lizards
  27 goblins
  4 goblin zombies (Ossuary)
  A hobgoblin zombie (Ossuary)
  21 kobolds
  3 kobold zombies (Ossuary)
  A leopard gecko zombie (D:5)
  2 orc skeletons (D:4)
  3 quokka zombies (Ossuary)
  6 rats
  2 rat zombies (Ossuary)
571 creatures vanquished.

Vanquished Creatures (collateral kills)
  A halazid warlock (Desolation)
  A deep elf high priest (Elf:1)
  2 vault guards (D:13)
  Erolcha (D:10)
  An orc high priest (Orc:2)
  2 deep elf knights (Elf:1)
  Sonja (D:13)
  Urug (Orc:2)
  An orc knight (Orc:2)
  8 deep elf magi (Elf:1)
  2 orc sorcerers (Orc:2)
  A gargoyle (D:9)
  A kobold demonologist (D:13)
  A tengu conjurer (D:13)
  A troll (Orc:1)
  Prince Ribbit (D:9)
  2 saltlings (Elf:2)
  2 wraiths (D:13)
  2 yaks
  A fire elemental (Elf:1)
  A basilisk (D:13)
  9 orc warriors
  An ogre (Orc:2)
  A big kobold (shapeshifter) (Elf:1)
  A bullfrog (D:9)
  2 howler monkeys
  3 wights (D:12)
  A crimson imp (D:13)
  A hound (D:9)
  4 orc priests (Orc:2)
  6 orc wizards
  21 orcs
  A jackal (D:11)
85 creatures vanquished.

Vanquished Creatures (others)
  A centaur (D:11)
  An orc wizard (Orc:2)
  14 fungi (D:11)
  5 plants (D:11)
21 creatures vanquished.

Grand Total: 677 creatures vanquished

Notes
Turn   | Place    | Note
-------+----------+-------------------------------------------
     0 | D:1      | MercyWheel the Gnoll Wanderer began the quest for the Orb.
     0 | D:1      | MercyWheel set off with: a +2 shortbow, 23 arrows, a potion of curing, a potion of lignification, a +0 robe, a ration
     0 | D:1      | Reached XP level 1. HP: 23/23 MP: 2/2
    80 | D:1      | Reached XP level 2. HP: 29/29 MP: 3/3
   354 | D:1      | Reached XP level 3. HP: 35/35 MP: 4/4
   505 | D:1      | Reached skill level 1 in Invocations
   764 | D:1      | Reached skill level 1 in Short Blades
   764 | D:1      | Reached skill level 1 in Long Blades
   764 | D:1      | Reached skill level 1 in Axes
   764 | D:1      | Reached skill level 1 in Polearms
   764 | D:1      | Reached skill level 1 in Staves
   764 | D:1      | Reached skill level 1 in Slings
   764 | D:1      | Reached skill level 1 in Crossbows
   764 | D:1      | Reached skill level 1 in Armour
   764 | D:1      | Reached skill level 1 in Dodging
   764 | D:1      | Reached skill level 1 in Stealth
   764 | D:1      | Reached skill level 1 in Shields
   764 | D:1      | Reached skill level 1 in Unarmed Combat
   764 | D:1      | Reached skill level 1 in Spellcasting
   933 | D:2      | Noticed Jessica
   941 | D:2      | Killed Jessica
   941 | D:2      | Reached XP level 4. HP: 40/41 MP: 6/6
  1194 | D:2      | Found a stormy altar of Qazlal.
  1197 | D:2      | Found a shattered altar of Ashenzari.
  1209 | D:2      | Found a sparkling altar of Nemelex Xobeh.
  1217 | D:2      | Reached skill level 1 in Conjurations
  1217 | D:2      | Reached skill level 1 in Hexes
  1217 | D:2      | Reached skill level 1 in Charms
  1217 | D:2      | Reached skill level 1 in Summonings
  1217 | D:2      | Reached skill level 1 in Necromancy
  1217 | D:2      | Reached skill level 1 in Translocations
  1217 | D:2      | Reached skill level 1 in Transmutations
  1217 | D:2      | Reached skill level 1 in Fire Magic
  1217 | D:2      | Reached skill level 1 in Ice Magic
  1217 | D:2      | Reached skill level 1 in Air Magic
  1217 | D:2      | Reached skill level 1 in Earth Magic
  1217 | D:2      | Reached skill level 1 in Poison Magic
  1227 | D:2      | Found a bloodstained altar of Trog.
  1435 | D:2      | Noticed Robin
  1441 | D:2      | Killed Robin
  1441 | D:2      | Reached XP level 5. HP: 26/47 MP: 7/7
  1485 | D:2      | Noticed Natasha
  1772 | D:2      | Killed Natasha
  1789 | D:2      | Noticed Natasha
  1793 | D:2      | Killed Natasha
  1843 | D:2      | Reached XP level 6. HP: 22/53 MP: 8/8
  1897 | D:2      | Found a sacrificial altar of Ru.
  1900 | D:2      | Found a shadowy altar of Dithmenos.
  1903 | D:2      | Found a glowing silver altar of Zin.
  2774 | D:4      | Reached XP level 7. HP: 31/59 MP: 10/10
  2980 | D:4      | Found Yxtuthri's Antique Weapon Emporium.
  3145 | D:4      | Reached skill level 9 in Bows
  3157 | D:4      | Found a sand-covered staircase.
  3179 | Ossuary  | Entered an ossuary
  3477 | Ossuary  | Reached XP level 8. HP: 67/67 MP: 12/12
  3861 | D:4      | Found a staircase to the Ecumenical Temple.
  3868 | Temple   | Entered the Ecumenical Temple
  4318 | D:5      | Entered Level 5 of the Dungeon
  4623 | D:5      | Found an ancient bone altar of Kikubaaqudgha.
  4745 | D:2      | Became a worshipper of Ashenzari the Shackled
  5143 | D:5      | Found a snail-covered altar of Cheibriados.
  5143 | D:5      | Found a burning altar of Makhleb.
  5257 | D:5      | Found an ornate altar of the Wu Jian Council.
  5746 | D:6      | Noticed Pikel
  5768 | D:5      | Learned a level 2 spell: Call Imp
  5771 | D:5      | Learned a level 2 spell: Shroud of Golubria
  5822 | D:6      | Killed Pikel
  5822 | D:6      | Reached XP level 9. HP: 70/73 MP: 6/15
  5897 | D:6      | Got the mace "Ifisman" {freeze, *Rage rPois MP+9}
  5898 | D:6      | Identified the +7 mace "Ifisman" {freeze, *Rage rPois MP+9} (You found it on level 6 of the Dungeon)
  5948 | D:6      | Reached skill level 5 in Maces & Flails
  5948 | D:6      | Reached skill level 5 in Throwing
  5948 | D:6      | Reached skill level 5 in Evocations
  6447 | D:6      | Noticed Grinder
  6470 | D:6      | Killed Grinder
  6538 | D:6      | Found a sacrificial altar of Ru.
  6687 | D:7      | Reached skill level 5 in Invocations
  6955 | D:7      | Reached XP level 10. HP: 80/80 MP: 17/17
  6971 | D:7      | Found Sadu's Distillery.
  7041 | D:7      | Bought 2 potions of mutation for 192 gold pieces
  7495 | D:8      | Reached * piety under Ashenzari
  7548 | D:8      | Noticed Grum
  7555 | D:8      | Killed Grum
  7555 | D:8      | Reached skill level 5 in Short Blades
  7555 | D:8      | Reached skill level 5 in Long Blades
  7555 | D:8      | Reached skill level 5 in Axes
  7555 | D:8      | Reached skill level 5 in Polearms
  7555 | D:8      | Reached skill level 5 in Staves
  7555 | D:8      | Reached skill level 5 in Slings
  7555 | D:8      | Reached skill level 5 in Crossbows
  7555 | D:8      | Reached skill level 5 in Armour
  7555 | D:8      | Reached skill level 5 in Dodging
  7555 | D:8      | Reached skill level 5 in Stealth
  7555 | D:8      | Reached skill level 5 in Shields
  7555 | D:8      | Reached skill level 5 in Unarmed Combat
  7555 | D:8      | Reached skill level 5 in Spellcasting
  7577 | D:8      | Noticed Erica
  7817 | D:9      | Found Weleple's Jewellery Boutique.
  7834 | D:9      | Reached skill level 10 in Bows
  7984 | D:9      | Noticed Prince Ribbit
  8026 | D:9      | Killed Prince Ribbit
  8135 | D:9      | Found a bloodstained altar of Trog.
  8238 | D:9      | Noticed a gargoyle
  8250 | D:9      | Killed a gargoyle
  8261 | D:9      | Noticed a gargoyle
  8304 | D:9      | Killed a gargoyle
  8304 | D:9      | Reached XP level 11. HP: 23/87 MP: 3/19
  8467 | D:9      | Found a runed gate.
  8467 | D:9      | Found a runed gate.
  8467 | D:9      | Found a runed gate.
  8468 | D:9      | Noticed zyena's ghost (journeyman DsFi)
  8724 | D:7      | Killed Erica
  8963 | D:8      | Found an opulent altar of Gozag.
  8963 | D:8      | Found an iron altar of Okawaru.
  9370 | D:8      | Reached skill level 5 in Conjurations
  9370 | D:8      | Reached skill level 5 in Hexes
  9370 | D:8      | Reached skill level 5 in Charms
  9370 | D:8      | Reached skill level 5 in Summonings
  9370 | D:8      | Reached skill level 5 in Necromancy
  9370 | D:8      | Reached skill level 5 in Translocations
  9370 | D:8      | Reached skill level 5 in Transmutations
  9370 | D:8      | Reached skill level 5 in Fire Magic
  9370 | D:8      | Reached skill level 5 in Ice Magic
  9370 | D:8      | Reached skill level 5 in Air Magic
  9370 | D:8      | Reached skill level 5 in Earth Magic
  9370 | D:8      | Reached skill level 5 in Poison Magic
  9374 | D:8      | Learned a level 2 spell: Blink
  9624 | D:9      | Reached ** piety under Ashenzari
  9929 | D:9      | Identified the Tome of Flight and Clay
 10325 | D:10     | Entered Level 10 of the Dungeon
 10326 | D:10     | Found a staircase to the Orcish Mines.
 10336 | Orc:1    | Entered Level 1 of the Orcish Mines
 10354 | Orc:1    | Noticed Erolcha
 10405 | D:10     | Identified the +7 long sword "Tegeac" {drain, rC+ MR- Str+4 Dex+4}
 10595 | D:10     | Found a runed gate.
 10597 | D:10     | Found a runed gate.
 10607 | D:10     | Found a runed gate.
 10629 | D:10     | Gained mutation: Your mind is acute. (Int +2) [potion of mutation]
 10629 | D:10     | Gained mutation: You are partially covered in slimy green scales. (AC +2) [potion of mutation]
 10789 | D:10     | Noticed syena51's ghost (novice DsFi)
 10882 | D:10     | Learned a level 3 spell: Conjure Flame
 10886 | D:10     | Learned a level 3 spell: Regeneration
 10916 | D:10     | Found a roughly hewn altar of Beogh.
 10917 | D:10     | Found the +2 hat of the Bear Spirit {Spirit, +Rage rN+ MR++}
 11092 | D:10     | Identified the +8 hand axe "Kuzxadac" {chop, rN+ MR+ Int-5} (You took it off an orc warrior on level 10 of the Dungeon)
 11223 | D:10     | Killed syena51's ghost
 11414 | D:11     | Noticed a two-headed ogre
 11423 | D:11     | Killed a two-headed ogre
 11433 | D:11     | Found a shattered altar of Ashenzari.
 11454 | D:11     | Reached XP level 12. HP: 96/96 MP: 22/22
 11471 | D:11     | Noticed a two-headed ogre
 11495 | D:11     | Killed a two-headed ogre
 11607 | D:11     | Found a labyrinth entrance.
 11614 | Lab      | Entered a labyrinth
 11853 | Lab      | Learned a level 4 spell: Summon Lightning Spire
 13331 | Lab      | Noticed a minotaur
 13357 | Lab      | Killed a minotaur
 13357 | Lab      | Reached skill level 11 in Bows
 13372 | Lab      | Identified Sif Muna's Disquisition on Flying Transmutation
 13603 | D:11     | Noticed a two-headed ogre
 13613 | D:11     | Killed a two-headed ogre
 13898 | D:11     | Found a staircase to the Lair.
 14172 | D:12     | Noticed a merfolk javelineer
 14173 | D:12     | Found a runed gate.
 14173 | D:12     | Found a runed gate.
 14173 | D:12     | Noticed a merfolk impaler
 14173 | D:12     | Noticed a tengu warrior
 14174 | D:12     | Found a runed gate.
 14175 | D:12     | Noticed lepoulpe303's ghost (journeyman GrEE)
 14356 | D:12     | Found Vovin's Antique Weapon Emporium.
 14545 | D:12     | Found an iron altar of Okawaru.
 14546 | D:12     | Noticed a naga warrior
 14571 | D:13     | Reached *** piety under Ashenzari
 14785 | D:13     | Reached skill level 10 in Fighting
 14881 | D:13     | Noticed Sonja
 14887 | D:13     | Killed Sonja
 15058 | D:13     | Reached XP level 13. HP: 100/103 MP: 24/24
 15198 | D:13     | Found a gate to the Vaults.
 15198 | D:13     | Noticed a vault guard
 15198 | D:13     | Noticed a vault guard
 15198 | D:13     | Noticed a vault guard
 15198 | D:13     | Noticed a vault guard
 15250 | D:13     | Killed a vault guard
 15317 | D:13     | Killed a vault guard
 15376 | D:13     | Killed a vault guard
 15667 | D:10     | Killed Erolcha
 15800 | Orc:1    | Found a roughly hewn altar of Beogh.
 15962 | Orc:2    | Entered Level 2 of the Orcish Mines
 15975 | Orc:2    | Noticed Urug
 15984 | Orc:2    | Killed Urug
 16007 | Orc:2    | Found a staircase to the Elven Halls.
 16029 | Orc:2    | Noticed a stone giant
 16109 | Orc:2    | Killed a stone giant
 16175 | Orc:2    | Found a flickering gateway to a bazaar.
 16195 | Bazaar   | Entered a bazaar
 16195 | Bazaar   | Found Kytzuguy's Jewellery Shop.
 16195 | Bazaar   | Found Fokat's Assorted Antiques.
 16195 | Bazaar   | Found Wopniurr's Antique Weapon Shop.
 16195 | Bazaar   | Found Opnohof's Food Shoppe.
 16197 | Bazaar   | Found Dimm's Distillery.
 16197 | Bazaar   | Found Zarutwomn's Armour Shoppe.
 16239 | Bazaar   | Bought the +6 shield "Zourew" {+Inv rC+ Str+4 Slay+2} for 723 gold pieces
 16239 | Bazaar   | Bought a +0 cloak of magic resistance for 115 gold pieces
 16244 | Bazaar   | Bought a potion of heal wounds for 60 gold pieces
 16244 | Bazaar   | Bought a potion of heal wounds for 60 gold pieces
 16247 | Bazaar   | Bought a potion of heal wounds for 60 gold pieces
 16671 | Orc:2    | Noticed an orc warlord
 16771 | Orc:1    | Killed an orc warlord
 17137 | Orc:2    | Noticed Maurice
 17179 | Orc:2    | Killed Maurice
 17340 | Orc:2    | Found Waofuo's General Store.
 17341 | Orc:2    | Found Qiezirub's Book Shop.
 17342 | Orc:2    | Found Waumatt's Antique Armour Boutique.
 17342 | Orc:2    | Found Ucsuheank's Antique Weapon Boutique.
 17581 | Orc:2    | Learned a level 4 spell: Passage of Golubria
 17586 | Orc:2    | Learned a level 4 spell: Summon Ice Beast
 17594 | Elf:1    | Entered Level 1 of the Elven Halls
 17736 | Elf:1    | Noticed a deep elf demonologist
 17742 | Elf:1    | Reached XP level 14. HP: 95/111 MP: 26/26
 17834 | Elf:1    | Gained mutation: Your spells are a little easier to cast, but a little less powerful. [a neqoxec]
 17839 | Elf:1    | Gained mutation: Scrolls take you a little longer to read. [a neqoxec]
 17840 | Elf:1    | Gained mutation: You are frail. (-10% HP) [a neqoxec]
 17849 | Elf:1    | Killed a deep elf demonologist
 18032 | Elf:1    | Reached **** piety under Ashenzari
 18118 | Elf:1    | Reached skill level 12 in Bows
 18609 | Elf:1    | Reached skill level 10 in Invocations
 19326 | Elf:2    | Found Ciextaw's Gadget Shoppe.
 19395 | Elf:2    | Found a ruined gateway.
 19451 | Desolati | Entered the Desolation of Salt
 19562 | Desolati | Noticed a halazid warlock
 19592 | Desolati | Killed a halazid warlock
 19598 | Desolati | Noticed a halazid warlock
 19607 | Desolati | Identified the +3 executioner's axe of Glory {chaos, SInv}
 19608 | Desolati | Identified the ring of Tas Usuv {-Tele rElec rF+ rC+}
 19610 | Desolati | Identified the +12 great sword of Haguklia {speed, +Rage Str+2}
 19625 | Desolati | HP: 3/101 [saltling[a halazid warlock] (6)]
 19628 | Desolati | Slain by a saltling

Skill      XL: |  1  2  3  4  5  6  7  8  9 10 11 12 13 14 |
---------------+-------------------------------------------+-----
Invocations    | 1 2 3 4 5 6 7 8 9 10 | 10.2
Short Blades   | 1 2 4 5 6 7 8 9 |  9.4
Long Blades    | 1 2 4 5 6 7 8 9 |  9.4
Axes           | 1 2 4 5 6 7 8 9 |  9.4
Polearms       | 1 2 4 5 6 7 8 9 |  9.4
Staves         | 1 2 4 5 6 7 8 9 |  9.4
Slings         | 1 2 4 5 6 7 8 9 |  9.4
Crossbows      | 1 2 4 5 6 7 8 9 |  9.4
Armour         | 1 2 4 5 6 7 8 9 |  9.4
Dodging        | 1 2 4 5 6 7 8 9 |  9.4
Stealth        | 1 2 4 5 6 7 8 9 |  9.4
Shields        | 1 2 4 5 6 7 8 9 |  9.4
Unarmed Combat | 1 2 4 5 6 7 8 9 |  9.4
Spellcasting   | 1 2 4 5 6 7 8 9 |  9.4
Conjurations   | 1 2 3 4 5 6 7 |  7.9
Hexes          | 1 2 3 4 5 6 7 |  7.9
Charms         | 1 2 3 4 5 6 7 |  7.9
Summonings     | 1 2 3 4 5 6 7 |  7.9
Necromancy     | 1 2 3 4 5 6 7 |  7.9
Translocations | 1 2 3 4 5 6 7 |  7.9
Transmutations | 1 2 3 4 5 6 7 |  7.9
Fire Magic     | 1 2 3 4 5 6 7 |  7.9
Ice Magic      | 1 2 3 4 5 6 7 |  7.9
Air Magic      | 1 2 3 4 5 6 7 |  7.9
Earth Magic    | 1 2 3 4 5 6 7 |  7.9
Poison Magic   | 1 2 3 4 5 6 7 |  7.9
Maces & Flails | 3 4 5 6 7 8 9 |  9.8
Throwing       | 3 4 5 6 7 8 9 |  9.8
Evocations     | 3 4 5 6 7 8 9 |  9.8
Fighting       | 7 8 9 10 11 | 11.3
Bows           | 9 10 11 12 | 12.3

Action                   |  1- 3 |  4- 6 |  7- 9 | 10-12 | 13-15 || total
-------------------------+-------+-------+-------+-------+-------++-------
Melee: Halberd           |    30 |    80 |       |       |       ||   110
       Bite              |     6 |     9 |    45 |    79 |    60 ||   199
       Morningstar       |       |    55 |   347 |       |       ||   402
       Punch             |       |       |     1 |       |       ||     1
       Mace              |       |       |    85 |   753 |   556 ||  1394
 Fire: Shortbow          |    64 |    26 |       |       |       ||    90
Throw: Throwing net      |       |       |     1 |     1 |       ||     2
       Javelin           |       |       |       |       |    52 ||    52
 Cast: Call Imp          |       |       |     3 |    85 |     7 ||    95
       Shroud of Golubri |       |       |     3 |    33 |    11 ||    47
       Regeneration      |       |       |       |     4 |     7 ||    11
       Summon Lightning  |       |       |       |    15 |    68 ||    83
       Summon Ice Beast  |       |       |       |       |    26 ||    26
       Blink             |       |       |       |       |     2 ||     2
       Passage of Golubr |       |       |       |       |     3 ||     3
Invok: Curse Item        |       |       |     1 |     6 |       ||     7
Evoke: Wand              |       |       |       |     8 |     1 ||     9
  Use: Potion            |       |       |     2 |     5 |     2 ||     9
       Scroll            |       |       |     1 |    17 |     1 ||    19
 Stab: Sleeping          |     1 |     2 |    11 |     6 |     1 ||    21
       Paralysed         |       |       |     1 |     8 |       ||     9
       Distracted        |       |       |       |     6 |    16 ||    22
       Held in net/web   |       |       |       |     1 |       ||     1
  Eat: Chunk             |       |     5 |    12 |    13 |    15 ||    45
       Ration            |       |       |     1 |     6 |     2 ||     9
Armor: Robe              |    16 |    10 |       |       |       ||    26
       Swamp dragon scal |       |    51 |   159 |   319 |   147 ||   676
Dodge: Dodged            |    53 |   122 |   177 |   574 |   256 ||  1182
Block: Buckler           |       |       |   149 |   322 |    33 ||   504
       Other             |       |       |     8 |       |       ||     8
       Reflection        |       |       |     5 |    20 |     1 ||    26
       Shield            |       |       |       |       |   367 ||   367
